Unix NetHack Version 5.0.0-0 post-release - last build May 23 2026 06:08:33 (1c0ff79ee797540d5714e4e18072db0edd9e58ae,branch:main).

Game began 2026-05-27 15:50:51, ended 2026-05-27 17:12:44.

CyberFan, lawful female dwarven Archeologist

            -------------                                      ------------
            |...%...<...|                                      |..........|
            |...........|      #######)#)%#)#%#################...........|
            --.-.--------       #-----------.- #############   |....).....|
           --##                 #|C.........C-##               -------.----
           #                    #|.....C.....|
           #                    #|...-----...|
       ----.-----------         #|...|  .|...|
       |..............|         #|..C|{.{|C..|
       |......>.......-##########|.....{.|...|
       |..............|          |...-----...|
       |...^...........#####     ......C.....|
       ----------------          |C.........C|
                                 -------------

CyberFan the Field Worker  St:16 Dx:8 Co:16 In:15 Wi:13 Ch:8  Lawful
Dlvl:6  $:1551 HP:0(43) Pw:16(16) AC:0  Xp:5/284 T:3638 

Latest messages:
 You lash the Uruk-hai!
 The Uruk-hai swings her crude bow.
 The Uruk-hai hits!
 You lash the Uruk-hai.
 The Uruk-hai swings her crude bow.
 The Uruk-hai hits!
 You lash the Uruk-hai.
 The Uruk-hai swings her crude bow.
 The Uruk-hai misses!
 You lash the Uruk-hai.
 The Uruk-hai shoots 2 poisoned crude arrows!
 The 1st poisoned crude arrow hits the Uruk-hai.
 The poison doesn't seem to affect the Uruk-hai.
 The Uruk-hai misfires!
 The 2nd poisoned crude arrow misses.
 You find a hidden door.
 Ouch!  You bump into a door.
 In what direction?
 The door resists!
 In what direction?
 The door opens.
 You see here a historic statue of a plains centaur.
 You miss the acid blob.
 You are beginning to feel hungry.
 You miss the acid blob.
 You kill the acid blob!
 You are splashed by the acid blob's acid!
 You see here a historic statue of a plains centaur.
 What do you want to eat? [delp or ?*]
 Blecch!  Rotten food!
 Everything suddenly goes dark.
 You finish eating the food ration.
 It bites!
 It misses!
 It bites!
 It bites!
 What do you want to read? [yY or ?*]
 As you pronounce the formula on it, the scroll disappears.
 You materialize in a different location!
 Where do you want to travel to?
 (For instructions type a '?')
 You can see again.
 You suddenly yearn for your distant homeland.
 Pick a monster, object or location.
 What do you want to zap? [rRX or ?*]
 In what direction?
 You kill the bugbear!
 The bolt of fire hits you!
 Your cloak smoulders!
 You die...

Inventory:
 Coins    ('$')
  $ - 1551 gold pieces
 Weapons  (')')
  a - an uncursed +2 bullwhip (weapon in right hand)
 Armor    ('[')
  C - an uncursed +0 orcish helm (being worn)
  q - an uncursed burnt +4 cloak of protection (being worn)
  v - an uncursed +0 ring mail (being worn)
 Comestibles  ('%')
  d - 2 uncursed food rations
  l - an uncursed fortune cookie
  p - an uncursed lembas wafer
  e - an uncursed melon
 Scrolls  ('?')
  y - a blessed scroll of taming
  Y - an uncursed scroll of teleportation
 Potions  ('!')
  U - an uncursed potion of extra healing
  j - an uncursed potion of fruit juice
  T - a blessed potion of healing
  s - 2 uncursed potions of speed
  V - an uncursed potion of water
 Rings    ('=')
  i - an uncursed ring of free action
  n - a cursed ring of teleportation
 Wands    ('/')
  R - an uncursed wand of digging (0:7)
  X - an uncursed wand of fire (0:4)
  r - an uncursed wand of sleep (0:4)
 Tools    ('(')
  h - an uncursed sack containing 14 items
  k - an uncursed credit card
  m - an uncursed magic whistle
  f - an uncursed tinning kit (0:76)
 Gems/Stones  ('*')
  g - an uncursed touchstone

Contents of the sack:
  an uncursed scroll of blank paper
  an uncursed scroll of confuse monster
  5 uncursed scrolls of destroy armor
  an uncursed scroll of earth
  2 uncursed scrolls of enchant weapon
  2 uncursed scrolls of fire
  2 uncursed scrolls of food detection
  2 uncursed scrolls of gold detection
  2 blessed scrolls of identify
  7 uncursed scrolls of identify
  a blessed scroll of light
  3 uncursed scrolls of light
  2 uncursed scrolls of magic mapping
  a blessed scroll of remove curse

CyberFan the Archeologist's attributes:

Background:
 You were a Field Worker, a level 5 female dwarven Archeologist.
 You were lawful, on a mission for Quetzalcoatl
 who was opposed by Camaxtli (neutral) and Huhetotl (chaotic).
 You were right-handed.
 You were in the Dungeons of Doom, on level 6.
 You entered the dungeon 3638 turns ago.
 You had 284 experience points, 36 more were needed to attain level 6.

Basics:
 You had 0 out of 43 hit points.
 You had all 16 energy points (spell power).
 Your armor class was 0.
 Your wallet contained 1551 zorkmids.
 Autopickup was on for '$%?!"=/*' plus thrown, with exceptions.

Final Characteristics:
 Your strength was 16 (limit:18/100).
 Your dexterity was 8 (peak:9, limit:20).
 Your constitution was 16 (limit:20).
 Your intelligence was 15 (limit:16).
 Your wisdom was 13 (limit:16).
 Your charisma was 8 (limit:16).

Final Status:
 You weren't hungry.
 You were unencumbered.
 You were wielding a whip.
 You had basic skill with whip and could have enhanced that.

Final Attributes:
 You were piously aligned.
 You had automatic searching.
 You had infravision.
 You were stealthy.
 You were protected.
 You are dead.

Miscellaneous:
 You disabled loading and storing of bones levels.
 Total elapsed playing time was 28 minutes and 56 seconds.

Major events:
 Turn
    1: CyberFan the lawful female dwarven Archeologist entered the dungeon
  408: entered the Gnomish Mines
  706: stole 4113 zorkmids worth of merchandise from Rath Luirc's second-hand bookstore
 1262: attained the rank of Field Worker (level 3)
 2458: reached Mine Town
 3638: killed by a bolt of fire zapped by herself

You didn't know any spells.

Skills:
 Fighting Skills
   bare handed combat [Unskilled]
   two weapon combat  [Unskilled]
   riding             [Unskilled]
 Weapon Skills
   dagger             [Unskilled]
   knife              [Unskilled]
   pick-axe           [Basic]
   short sword        [Unskilled]
   saber              [Unskilled]
   club               [Unskilled]
   quarterstaff       [Unskilled]
   sling              [Unskilled]
   dart               [Unskilled]
   boomerang          [Unskilled]
   whip               [Basic]
   unicorn horn       [Unskilled]
 Spellcasting Skills
   attack spells      [Unskilled]
   healing spells     [Unskilled]
   divination spells  [Unskilled]
   matter spells      [Unskilled]

Voluntary challenges:
 Character rerolling was not enabled.
 You never genocided any monsters.
 You never polymorphed an object.
 You never changed form.
 You used no wishes.
Achievements:
 You entered the Gnomish Mines.
 You entered a shop.
 You attained the rank of Field Worker.
 You entered Minetown.
 You entered a temple.

 The Dungeons of Doom: levels 1 to 7
    Level 1:
       A fountain.
    Level 2:
       A scroll shop.
       Stairs down to The Gnomish Mines.
    Level 3:
    Level 4:
       A fountain, a sink.
    Level 5:
    Level 6: <- You were here.
       Many fountains.
       Final resting place for
          you, killed by a bolt of fire zapped by yourself.
    Level 7:
 The Gnomish Mines: levels 3 to 5
    Level 3:
    Level 4:
    Level 5:
       Many shops, a temple and an altar, some fountains.


Vanquished creatures:
  a bugbear
  2 Uruk-hai
  a rock piercer
  a kobold mummy
  a black naga hatchling
  a giant ant
  2 dwarves
  a kobold leader
  a giant bat
  4 Kop Sergeants
  a monkey
  3 dwarf zombies
 an iguana
  2 acid blobs
  a hobbit
  a hobgoblin
  a giant rat
  a cave spider
  a brown mold
  a gnome
  9 Keystone Kops
  3 garter snakes
  4 geckos
  8 jackals
  4 goblins
  2 sewer rats
  8 grid bugs
  5 newts
71 creatures vanquished.

No species were genocided or became extinct.

Game over:
                       ----------
                      /          \
                     /    REST    \
                    /      IN      \
                   /     PEACE      \
                  /                  \
                  |     CyberFan     |
                  |     1551 Au      |
                  | killed by a bolt |
                  |  of fire zapped  |
                  |    by herself    |
                  |                  |
                  |       2026       |
                 *|     *  *  *      | *
        _________)/\\_//(\/(/\)/\//\/|_)_______

Goodbye CyberFan the Archeologist...

You died in The Dungeons of Doom on dungeon level 6 with 2852 points,
and 1551 pieces of gold, after 3638 moves.
You were level 5 with a maximum of 43 hit points when you died.

